 Dungeon Crawl Stone Soup version 0.30-b1-2-g02819fbbbe (webtiles) character file.

Game seed: 13696494291711002056

617 Rye the Cudgeller (level 7, 0/55 HPs)
             Began as a Human Berserker on Dec 25, 2023.
             Was a Priest of Trog.
             Slain by a gnoll
             ... wielding a +0 halberd
             ... led by a gnoll bouda
              (4 damage)
             ... on level 4 of the Dungeon on Jan 3, 2024.
             The game lasted 00:13:59 (2571 turns).

Rye the Cudgeller (Human Berserker)                 Turns: 2571, Time: 00:13:59

Health: 0/55       AC:  9    Str: 20    XL:     7   Next: 74%
Magic:  7/7        EV: 11    Int:  7    God:    Trog [***...]
Gold:   196        SH:  0    Dex: 12    Spells: 6/6 levels left

rFire   . . .        a - +1 mace
rCold   . . .        (no shield)
rNeg    . . .        c - +0 ring mail
rPois   .            (no helmet)
rElec   .            j - +1 cloak
rCorr   .            s - +0 pair of gloves
SInv    .            (no boots)
Will    .....        (no amulet)
Stlth   +            e - +4 ring of slaying
HPRegen 0.29/turn    (no ring)
MPRegen 0.10/turn

%: no passive effects
@: on berserk cooldown, slowed, very slow
A: no striking features
a: Renounce Religion, Berserk, Trog's Hand


You were on level 4 of the Dungeon.
You worshipped Trog.
Trog was most pleased with you.
You visited 1 branch of the dungeon, and saw 4 of its levels.
You also visited: Sewer.

You collected 196 gold pieces.

Inventory:

Hand Weapons
 a - a +1 mace (weapon)
Armour
 c - a +0 ring mail (worn)
 j - a +1 cloak (worn)
 s - a +0 pair of gloves (worn)
Jewellery
 e - a +4 ring of slaying (left hand)
Wands
 p - a wand of digging (5)
 q - a wand of roots (11)
Scrolls
 d - 2 scrolls of enchant weapon
 i - 3 scrolls of enchant armour {unknown}
 k - 3 scrolls of magic mapping {unknown}
 l - a scroll of identify
Potions
 b - 4 potions of heal wounds
 f - a potion of cancellation {unknown}
 g - 3 potions of curing {unknown}
 h - a potion of brilliance {unknown}
 m - a potion of invisibility {unknown}
 n - 2 potions of mutation {unknown}
 o - a potion of magic {unknown}
 r - a potion of attraction {unknown}
 t - a potion of resistance


   Skills:
 + Level 4.4 Fighting
 + Level 6.3 Maces & Flails
 + Level 3.5 Armour
 + Level 3.2 Dodging
 - Level 1.2 Stealth


You had 6 spell levels left.
You didn't know any spells.
Your spell library was empty.

Dungeon Overview and Level Annotations

Branches:
Dungeon (4/15)              Sewer (visited)
 Temple: D:4-7

Altars:
Dithmenos


Message History

The gnoll completely misses you.
The gnoll hits you from afar with a +0 spear.
You barely miss the gnoll bouda.
The gnoll bouda is heavily wounded.
The gnoll bouda misses you.
You hit the gnoll bouda.
The gnoll bouda is severely wounded.
The gnoll barely misses you. The gnoll hits you but does no damage.
The gnoll bouda closely misses you.
You barely miss the gnoll bouda.
The gnoll bouda is severely wounded.
The gnoll hits you from afar with a +0 halberd.
The gnoll hits you from afar with a +0 spear.
You hit the gnoll bouda.
The gnoll bouda is almost dead.
The gnoll bouda hits you with a +0 club.
* * * LOW HITPOINT WARNING * * *
You barely miss the gnoll bouda.
The gnoll bouda is almost dead.
The gnoll hits you from afar with a +0 halberd!
* * * LOW HITPOINT WARNING * * *
The gnoll closely misses you.
The gnoll bouda hits you with a +0 club!
* * * LOW HITPOINT WARNING * * *
You hit the gnoll bouda.
You kill the gnoll bouda!
Trog accepts your kill. The gnoll hits you but does no damage.
The gnoll hits you from afar with a +0 spear.
* * * LOW HITPOINT WARNING * * *
You are no longer berserk.
You are exhausted.
You feel yourself slow down.
Your attacks no longer feel as feeble.
The gnoll barely misses you.
The gnoll hits you from afar with a +0 spear.
* * * LOW HITPOINT WARNING * * *
The gnoll closely misses you.
The gnoll hits you from afar with a +0 halberd.
You die...

..... ##..... .... ..
#..... ... #..# ###.....
..## #..## ####.......
#..# #..###..........
#))## #...............
#.)## #...........####
#...####...........#
.###...##@........##...#
.......gg...)....#####...#
...............### ##..#
...####........## #.. ..
#.........# #.. .
...........# ##.
.....####...# #. ...###
#...# ## .## #...# #.


You could see 2 gnolls.

Vanquished Creatures
  Sigmund (D:2)
  The ghost of diceflayer the Slasher, an amateur DsGl (D:3)
  A kobold brigand (Sewer)
  A gnoll bouda (D:4)
  Ijyb (D:3)
  Terence (D:3)
  An iguana (D:4)
  2 gnolls (D:4)
  7 adders
  4 worms
  2 dart slugs (D:3)
  8 bats
  7 endoplasms
  7 giant cockroaches
  10 goblins
  4 hobgoblins
  5 quokkas
  12 ball pythons
  6 frilled lizards
  21 kobolds
  11 rats
113 creatures vanquished.

Vanquished Creatures (others)
  3 plants (Sewer)
3 creatures vanquished.

Grand Total: 116 creatures vanquished

Notes
Turn   | Place    | Note
-------+----------+-------------------------------------------
     0 | D:1      | Rye the Human Berserker began the quest for the Orb.
     0 | D:1      | Reached XP level 1. HP: 18/18 MP: 1/1
   161 | D:1      | Reached XP level 2. HP: 17/24 MP: 2/2
   574 | D:1      | Reached XP level 3. HP: 26/29 MP: 3/3
   658 | D:1      | Reached ** piety under Trog
   799 | D:2      | Noticed Sigmund
   802 | D:2      | Killed Sigmund
   803 | D:2      | Reached skill level 4 in Maces & Flails
   803 | D:2      | Reached XP level 4. HP: 37/37 MP: 4/4
   803 | D:2      | Reached XP level 5. HP: 42/42 MP: 5/5
   803 | D:2      | Reached XP level 6. HP: 48/48 MP: 6/6
   889 | D:2      | Reached skill level 5 in Maces & Flails
   941 | D:2      | Found a faded altar of an unknown god.
   945 | D:2      | Reached skill level 1 in Stealth
  1455 | D:3      | Found a glowing drain.
  1480 | Sewer    | Entered a sewer
  1547 | Sewer    | Reached *** piety under Trog
  1701 | Sewer    | Reached XP level 7. HP: 51/54 MP: 7/7
  1762 | D:3      | Found a runed translucent door.
  1767 | D:3      | Noticed diceflayer's ghost (amateur DsGl)
  1782 | D:3      | Noticed Terence
  1792 | D:3      | Killed Terence
  1998 | D:3      | Noticed Ijyb
  2016 | D:3      | Killed Ijyb
  2026 | D:3      | Identified the staff of death "Juuteokh" {rF++ rC- rN+
                  | Str+5}
  2248 | D:3      | Killed diceflayer's ghost
  2249 | D:3      | Reached skill level 6 in Maces & Flails
  2401 | D:4      | Found a shadowy altar of Dithmenos.
  2566 | D:4      | HP: 4/82 [gnoll/+0 spear[a gnoll bouda] (1)]
  2571 | D:4      | Slain by a gnoll

Illustrated notes

Levels and vault maps discovered:
D:1:      minmay_arrival_doors, layout_basic
D:2:      layout_rooms, nicolae_ecumenical_snake_handling, uniq_sigmund
D:3:      layout_rooms, portal_sewer_entry_f, ebering_ghost_reflecting_pool,
          hex_intersection, kennysheep_generic_room_11, uniq_terence, uniq_ijyb
D:4:      layout_layer_cave, grunt_temple_overflow_open, fedhas_ov_isle_minmay,
          minmay_misc_feat_secret_circle

Skill      XL: |  1  2  3  4  5  6  7 |
---------------+----------------------+-----
Maces & Flails | 4 5 6 |  6.3
Stealth        | 1 |  1.2
Fighting       | 4 |  4.4
Armour         | 3 |  3.5
Dodging        | 3 |  3.2

Action                     |  1- 3 |  4- 6 |  7- 9 || total
---------------------------+-------+-------+-------++-------
  Melee: Mace              |    83 |   120 |    99 ||   302
         Punch             |       |     1 |     2 ||     3
 Invoke: Berserk           |     1 |     2 |     2 ||     5
    Use: Scroll            |     2 |     2 |       ||     4
   Stab: Sleeping          |     1 |       |       ||     1
         Distracted        |       |     1 |       ||     1
 Armour: Animal skin       |    12 |       |       ||    12
         Ring mail         |    26 |    47 |    32 ||   105
  Dodge: Dodged            |    71 |    99 |    49 ||   219
